 Dungeon Crawl Stone Soup version 0.30-a0-122-g2a1322497e (webtiles) character file.

Game seed: 5232486122760495456

3065 SuDDenLife the Carver (level 9, -1/80 (82) HPs)
             Began as a Minotaur Fighter on Sept 15, 2022.
             Was a Follower of Elyvilon.
             Slain by a vampire (6 damage)
             ... on level 6 of the Dungeon.
             The game lasted 01:28:49 (9362 turns).

SuDDenLife the Carver (Minotaur Fighter)            Turns: 9362, Time: 01:28:50

HP:   -1/80 (82)    AC: 19    Str: 29    XL:     9   Next: 57%
MP:   8/8           EV:  7    Int:  5    God:    Elyvilon [*.....]
Gold: 296           SH:  5    Dex: 12    Spells: 8/8 levels left

rFire   . . .      SeeInvis .    a - +0 long sword
rCold   . . .      Faith    .    c - +0 buckler
rNeg    . . .      Spirit   .    M - +0 plate armour
rPois   .          Reflect  .    (helmet restricted)
rElec   .          Harm     .    (no cloak)
rCorr   .          Rampage  .    v - +0 pair of gloves
Will    .....                    (no boots)
Stlth   ..........               m - amulet of regeneration
HPRegen 1.03/turn                j - +4 ring of protection
MPRegen 0.11/turn                w - +6 ring of strength

@: lightly drained
A: horns 2, retaliatory headbutt
a: Renounce Religion, Purification


You were on level 6 of the Dungeon.
You worshipped Elyvilon.
Elyvilon was aware of your devotion.
You visited 2 branches of the dungeon, and saw 7 of its levels.

You collected 380 gold pieces.
You spent 84 gold pieces at shops.

Inventory:

Hand Weapons
 a - a +0 long sword (weapon)
 t - a +0 great sword
 A - a +2 dagger of speed
 G - a +1 short sword of protection
 H - a +0 shortbow
 J - a +0 whip of electrocution
Armour
 c - a +0 buckler (worn)
 v - a +0 pair of gloves (worn)
 F - +0 steam dragon scales
 M - a +0 plate armour (worn)
Magical Staves
 k - a staff of earth
 q - a staff of air
Jewellery
 b - a ring of ice
 f - an amulet of guardian spirit
 j - a +4 ring of protection (left hand)
 m - an amulet of regeneration (around neck)
 p - a +4 ring of protection
 w - a +6 ring of strength (right hand)
 D - a ring of magical power
Wands
 y - a wand of iceblast (19)
 N - a wand of mindburst (16)
Scrolls
 e - 2 scrolls of identify
 h - 2 scrolls of teleportation
 i - 2 scrolls of immolation {unknown}
 l - a scroll of summoning {unknown}
 n - 2 scrolls of blinking {unknown}
 r - a scroll of vulnerability {unknown}
 s - 2 scrolls of amnesia {unknown}
 x - a scroll of silence {unknown}
 B - a scroll of magic mapping {unknown}
 C - a scroll of enchant weapon {unknown}
Potions
 g - a potion of heal wounds
 o - 3 potions of curing
 u - 2 potions of flight
 z - 3 potions of haste
 E - a potion of lignification
 I - a potion of cancellation
 L - 2 potions of brilliance


   Skills:
 + Level 8.8 Fighting
 * Level 11.4 Long Blades
 + Level 8.8 Armour
 - Level 4.2 Shields


You had 8 spell levels left.
You didn't know any spells.
Your spell library contained the following spells:

 Spells                   Type           Power      Damage    Failure   Level
 Magic Dart               Conj           0%         1d3       99%         1
 Cigotuvi's Dreadful Rot  Necr/Pois/Air  0%         N/A       100%        2
 Searing Ray              Conj           0%         2d4       100%        2
 Sublimation of Blood     Necr           0%         N/A       100%        2
 Wereblood                Tmut           0%         N/A       100%        2
 Gell's Gravitas          Tloc           0%         N/A       100%        3
 Ignite Poison            Fire/Tmut/Pois 0%         N/A       100%        3
 Lesser Beckoning         Tloc           0%         N/A       100%        3
 Mephitic Cloud           Conj/Pois/Air  0%         N/A       100%        3
 Ozocubu's Armour         Ice            0%         N/A       100%        3
 Teleport Other           Tloc           0%         N/A       100%        3
 Vampiric Draining        Necr           0%         2d6       100%        3
 Fulminant Prism          Conj/Hex       0%         3d6       100%        4
 Sticky Flame             Conj/Fire      0%         2d3       100%        4
 Agony                    Necr           0%         N/A       100%        5
 Freezing Cloud           Conj/Ice/Air   0%         6-21      100%        5
 Ozocubu's Refrigeration  Ice            0%         4d7       100%        7
 Summon Hydra             Summ           0%         N/A       100%        7
 Polar Vortex             Ice            0%         N/A       100%        9


Dungeon Overview and Level Annotations

Branches:
Dungeon (6/15)             Temple (1/1) D:4

Altars:
Ashenzari
Cheibriados
Elyvilon
Fedhas
Gozag
Hepliaklqana
Kikubaaqudgha
Makhleb
Nemelex Xobeh
Ru
Sif Muna
Trog
Uskayaw
Vehumet
Wu Jian
Xom
Yredelemnul
The Shining One

Shops:
D:2 ?   D:5 **

Annotations:
D:6 1 transporter


Innate Abilities, Weirdness & Mutations

You have a pair of horns on your head.
You reflexively headbutt those who attack you in melee.


Message History

The vampire bites you but does no damage.
You closely miss the vampire. You headbutt the vampire.
The vampire is severely damaged.
The vampire hits you but does no damage.
The vampire bites you.
The vampire draws strength from your injuries!
You closely miss the vampire.
The vampire is severely damaged.
The vampire draws life force from you!
* * * LOW HITPOINT WARNING * * *
The vampire is healed by the life force!
You closely miss the vampire.
The vampire is moderately damaged.
You hit the vampire. You headbutt the vampire.
The vampire is heavily damaged.
The vampire hits you.
* * * LOW HITPOINT WARNING * * *
The vampire bites you but does no damage.
You barely miss the vampire. Your headbutt misses the vampire.
The vampire is heavily damaged.
The vampire hits you.
* * * LOW HITPOINT WARNING * * *
The vampire bites you but does no damage.
You closely miss the vampire. You headbutt the vampire.
The vampire is severely damaged.
The vampire draws life force from you!
* * * LOW HITPOINT WARNING * * *
The vampire is healed by the life force!
The vampire attacks as you move away!
The vampire hits you but does no damage.
The vampire bites you!
* * * LOW HITPOINT WARNING * * *
The vampire draws strength from your injuries!
The vampire attacks as you move away!
The vampire hits you but does no damage.
The vampire barely misses you. The vampire attacks as you move away!
The vampire hits you but does no damage.
The vampire bites you.
You die...

#### #.# ########.# # #
##.## #.....##.# #
##########...###.###.##.# #
..............##.###.##.# #
.####................##.#
##
.###..#############.....#
#.
......#..........©#..####
## .####.#)..........#..# #
.# #.#$.###.###@(#..#
.####.#_.#8#.#8#V.#.##
......#)........÷.#..##
###..©#⌠..(.©$....#©..#####
###
##..#(.(........#.......#
#..
##.#_.#8#.#8#..#.......#
#.# ###
#.#$.###.###..#.......# #..
..# #.#)..........#.......#
#..
..###.#...........#.......#
#..


You could see a vampire.

Vanquished Creatures
  Pikel (D:5)
  Grinder (D:4)
  6 yaks (D:6)
  A steam dragon (D:5)
  Menkaure (D:6)
  2 ice beasts (D:6)
  A centaur (D:5)
  A bullfrog (D:6)
  A necrophage (D:6)
  2 scorpions
  A killer bee (D:4)
  A howler monkey (D:6)
  3 hounds
  A jelly (D:6)
  2 orc priests
  9 iguanas
  2 orc wizards
  Robin (D:4)
  10 adders
  A white imp (D:5)
  5 ufetubi
  6 dart slugs
  13 orcs
  4 bats
  4 endoplasms
  5 giant cockroaches
  9 hobgoblins
  4 jackals
  5 quokkas
  4 ball pythons
  3 frilled lizards
  10 goblins
  8 kobolds
  6 rats
134 creatures vanquished.

Vanquished Creatures (others)
  10 plants (D:2)
  2 withered plants (D:2)
12 creatures vanquished.

Grand Total: 146 creatures vanquished

Notes
Turn   | Place    | Note
-------+----------+-------------------------------------------
     0 | D:1      | SuDDenLife the Minotaur Fighter began the quest for the
                  | Orb.
     0 | D:1      | Reached XP level 1. HP: 19/19 MP: 0/0
   483 | D:1      | Got Wah Ruisch's Quarto of Chilling Evil
   494 | D:1      | Reached XP level 2. HP: 27/27 MP: 1/1
   732 | D:1      | Reached skill level 3 in Long Blades
   964 | D:2      | Reached XP level 3. HP: 33/33 MP: 2/2
  1108 | D:2      | Found Sucvev's Magic Scroll Shoppe.
  1386 | D:2      | Reached XP level 4. HP: 36/40 MP: 3/3
  1461 | D:2      | Found a faded altar of an unknown god.
  2344 | D:2      | Bought a scroll of identify for 28 gold pieces
  2344 | D:2      | Bought a scroll of identify for 28 gold pieces
  2438 | D:3      | Reached skill level 4 in Long Blades
  3615 | D:4      | Reached XP level 5. HP: 33/47 MP: 4/4
  3867 | D:4      | Reached skill level 5 in Long Blades
  3883 | D:4      | Reached skill level 5 in Fighting
  3906 | D:4      | Reached skill level 5 in Armour
  3934 | D:4      | Reached XP level 6. HP: 48/56 MP: 5/5
  4102 | D:4      | Found a staircase to the Ecumenical Temple.
  4214 | D:4      | Noticed Robin
  4227 | D:4      | Killed Robin
  4493 | D:4      | Noticed Grinder
  4502 | D:4      | Paralysed by Grinder for 4 turns
  4529 | D:4      | Paralysed by Grinder for 4 turns
  4534 | D:4      | Killed Grinder
  4535 | D:4      | Reached skill level 6 in Long Blades
  4535 | D:4      | Reached XP level 7. HP: 62/62 MP: 6/6
  5255 | D:5      | Entered Level 5 of the Dungeon
  5401 | D:5      | Reached skill level 7 in Long Blades
  5458 | D:5      | Noticed Pikel
  5555 | D:5      | Killed Pikel
  5556 | D:5      | Reached skill level 8 in Long Blades
  5556 | D:5      | Reached XP level 8. HP: 50/71 MP: 7/7
  6317 | D:5      | Reached skill level 9 in Long Blades
  6342 | D:5      | Found Sefinum's Specific Store.
  6343 | D:5      | Found Qaenepa's General Store.
  6390 | D:5      | Bought a scroll of identify for 28 gold pieces
  6898 | Temple   | Entered the Ecumenical Temple
  7108 | Temple   | Became a worshipper of Elyvilon the Healer
  7409 | D:6      | Found a basalt altar of Yredelemnul.
  7412 | D:6      | Noticed Menkaure
  7488 | D:6      | Reached skill level 10 in Long Blades
  7488 | D:6      | Reached XP level 9. HP: 75/81 MP: 8/8
  7567 | D:6      | Found an ancient bone altar of Kikubaaqudgha.
  7738 | D:6      | Reached * piety under Elyvilon
  7770 | D:6      | Reached skill level 11 in Long Blades
  7814 | D:6      | Found a transporter.
  7816 | D:6      | Found a transporter.
  8616 | D:6      | Killed Menkaure
  8626 | D:6      | HP: 1/79 [vampire (9)]
  8992 | D:6      | HP: 3/80 [something (7)]
  9360 | D:6      | HP: 3/80 [vampire (11)]
  9362 | D:6      | Slain by a vampire

Illustrated notes

Levels and vault maps discovered:
D:1:      wheals_arrival_shading, layout_basic, grunt_decor_one_mirror,
          minmay_statues_item, minmay_door_square
D:2:      layout_basic, shapermc_ecumenical_altar_flowoftime, serial_shops,
          shop_scrolls, minmay_pentomino_t4
D:3:      layout_basic, corner_web_ring
D:4:      minmay_chambers_of_fours, layout_loops_ring,
          minmay_temple_entry_from_below_b, uniq_grinder, uniq_robin
D:5:      minmay_inner_zag, layout_loops_corners, nicolae_specific_store,
          uniq_pikel
D:6:      layout_loops_corners, gammafunk_temple_of_torment
Temple:   bh_familiar_temple

Skill      XL: |  1  2  3  4  5  6  7  8  9 |
---------------+----------------------------+-----
Long Blades    | 3 4 5 6 8 10 11 | 11.4
Armour         | 4 5 6 7 8 |  8.8
Fighting       | 4 5 6 7 8 |  8.8
Shields        | 4 |  4.2

Action                   |  1- 3 |  4- 6 |  7- 9 || total
-------------------------+-------+-------+-------++-------
Melee: Long sword        |    70 |   239 |   240 ||   549
       Headbutt          |    10 |    43 |    58 ||   111
Throw: Dart              |       |       |     4 ||     4
  Use: Scroll            |     2 |     6 |     4 ||    12
       Potion            |       |       |     2 ||     2
Armor: Scale mail        |    32 |   113 |     4 ||   149
       Chain mail        |       |       |    45 ||    45
       Plate armour      |       |       |   111 ||   111
Dodge: Dodged            |    29 |    81 |    82 ||   192
Block: Buckler           |    15 |    43 |    47 ||   105

Table legend: (Time is in decaauts)
 A = Elapsed time spent in this place.
 B = Non-inter-level travel time spent in this place.
 C = Inter-level travel time spent in this place.
 D = Time resting spent in this place.
 E = Time spent auto-exploring this place.
 F = Levels seen in this place.
 G = Mean time per level.
                   A        B        C        D        E       F      G
               +--------+--------+--------+--------+--------+-----+--------+
         Total |   9431 |   9294 |    137 |   2255 |    420 |   7 | 1347.3 |
       Dungeon |   9193 |   9056 |    137 |   2255 |    420 |   6 | 1532.2 |
        Temple |    237 |    237 |      0 |      0 |      0 |   1 |  237.0 |
               +--------+--------+--------+--------+--------+-----+--------+

Top non-repeatable levels by time:
     D:6: 2194 daAuts
     D:4: 1922 daAuts
     D:5: 1453 daAuts
     D:2: 1439 daAuts
     D:3: 1213 daAuts
     D:1: 970 daAuts
  Temple: 237 daAuts
